 Dungeon Crawl Stone Soup version 0.27.0-1-g7a089689b8 (webtiles) character file.

Game seed: 16258390960670210090

476839 agentchuck the Warrior (level 24, -3/200 HPs)
             Began as a Gnoll Wanderer on Aug 10, 2021.
             Was a Favourite Plaything of Xom.
             Slain by an ironbound beastmaster (12 damage)
             ... on level 3 of the Vaults on Aug 11, 2021.
             The game lasted 04:46:45 (43031 turns).

agentchuck the Warrior (Gnoll Wanderer)            Turns: 43031, Time: 04:46:45

Health: -3/200     AC: 28    Str: 12 (14) XL:     24   Next: 10%
Magic:  24/37      EV: 18    Int: 13 (17) God:    Xom [....*.]
Gold:   2694       SH: 13    Dex: 12 (16) Spells: 4/53 levels left

rFire    . . .     SeeInvis .   w - +4 broad axe (flame)
rCold    + + .     Faith    .   M - +0 kite shield
rNeg     + . .     Spirit   .   (armour currently unavailable)
rPois    ∞         Reflect  .   (helmet restricted)
rElec    +         Harm     .   H - +2 cloak {Will+}
rCorr    +         Rampage  .   (gloves currently unavailable)
Will     ++...     Clarity  +   (boots currently unavailable) Stlth ++++++....Rnd*Tele +
                                g - amulet of regeneration
HPRegen  2.43/turn              R - ring of resist corrosion
MPRegen  0.25/turn              C - ring of protection from cold

@: statue-form, unable to read, slightly contaminated, very slow
A: slow and powerful, torment resistance 1, boosted hp, fangs 1, strong nose,
distributed training, antennae 1, talons 2, clarity, cold resistance 1, deformed
body, frail 2, low mp 1, regeneration 1, electricity resistance, teleportitis 1,
subdued magic 2, inability to read while threatened
}: 4/15 runes: barnacled, slimy, abyssal, gossamer
a: End Transformation, Renounce Religion


You were on level 3 of the Vaults.
You worshipped Xom.
You were a beloved toy of Xom.
You were a living statue of rough stone.
You visited 9 branches of the dungeon, and saw 43 of its levels.
You visited the Abyss 8 times.
You also visited: Volcano and Wizlab.

You collected 3988 gold pieces.
You spent 1294 gold pieces at shops.


Innate Abilities, Weirdness & Mutations

You are a living statue of rough stone.
Your actions are slow, but your melee attacks are powerful.
You are resistant to unholy torment.
Your maximum health is greatly increased.
You are immune to poison.
Your equipment is partially melded.
You have very sharp teeth.
Your uncanny sense of smell can sniff out nearby items.
Your experience applies equally to all skills.
You have a pair of small antennae on your head.
You have razor-sharp toenails.
You possess an exceptional clarity of mind.
Your flesh is cold resistant. (rC+)
Armour fits poorly on your strangely shaped body.
You are very frail. (-20% HP)
Your magical capacity is low. (-10% MP)
Your natural rate of healing is unusually fast.
You are resistant to electric shocks. (rElec)
You are occasionally teleported next to monsters.
Your spells are easier to cast, but less powerful.
You sometimes lose the ability to read scrolls when taking damage.


   Skills:
 + Level 16.8 Fighting
 + Level 15.4 Short Blades
 + Level 15.2 Long Blades
 + Level 15.2 Axes
 + Level 15.2 Maces & Flails
 + Level 15.2 Polearms
 + Level 15.7 Staves
 + Level 15.2 Slings
 + Level 15.2 Bows
 + Level 15.2 Crossbows
 + Level 15.4 Throwing
 + Level 15.2 Armour
 + Level 15.4 Dodging
 + Level 15.2 Stealth
 + Level 15.2 Shields
 + Level 15.2 Unarmed Combat
 + Level 15.2 Spellcasting
 + Level 13.1 Conjurations
 + Level 13.1 Hexes
 + Level 13.1 Summonings
 + Level 13.1 Necromancy
 + Level 13.1 Translocations
 + Level 13.1 Transmutations
 + Level 13.1 Fire Magic
 + Level 13.1 Ice Magic
 + Level 13.1 Air Magic
 + Level 13.1 Earth Magic
 + Level 13.1 Poison Magic
 + Level 16.3 Invocations
 + Level 15.4 Evocations


You had 4 spell levels left.
You knew the following spells:

 Your Spells              Type           Power      Damage    Failure   Level
a - Statue Form           Tmut/Erth      18%        N/A       2%          6
b - Bolt of Magma         Conj/Fire/Erth 13%        4d8       1%          5
f - Freezing Cloud        Conj/Ice/Air   13%        6-21      1%          5
m - Mephitic Cloud        Conj/Pois/Air  27%        N/A       1%          3
o - Apportation           Tloc           54%        N/A       0%          1
s - Summon Mana Viper     Hex/Summ       27%        N/A       1%          5
u - Passage of Golubria   Tloc           N/A        N/A       1%          4
v - Borgnjor's Vile Clut  Necr/Erth      13%        N/A       1%          5
X - Ignite Poison         Fire/Tmut/Pois 27%        N/A       1%          3
Y - Eringya's Noxious Bo  Tmut/Pois      13%        N/A       2%          6
Z - Conjure Ball Lightni  Conj/Air       13%        3x3d6     2%          6

Your spell library contained the following spells:

 Spells                   Type           Power      Damage    Failure   Level
 Animate Skeleton         Necr           54%        N/A       0%          1
 Beastly Appendage        Tmut           54%        N/A       0%          1
 Foxfire                  Conj/Fire      100%       2x1d9     0%          1
 Magic Dart               Conj           100%       1d8       0%          1
 Pain                     Necr           100%       1d9       0%          1
 Sandblast                Erth           54%        2d13      0%          1
 Shock                    Conj/Air       100%       1d9       0%          1
 Sting                    Tmut/Pois      100%       1d8       0%          1
 Blink                    Tloc           N/A        N/A       0%          2
 Corpse Rot               Necr/Air       N/A        N/A       0%          2
 Ensorcelled Hibernation  Hex/Ice        54%        N/A       0%          2
 Passwall                 Tmut/Erth      22%        N/A       0%          2
 Poisonous Vapours        Pois/Air       54%        N/A       0%          2
 Searing Ray              Conj           54%        3d5       0%          2
 Conjure Flame            Conj/Fire      27%        6-21      1%          3
 Dazzling Flash           Conj/Hex       54%        N/A       1%          3
 Gell's Gravitas          Tloc           13%        N/A       1%          3
 Inner Flame              Hex/Fire       27%        N/A       1%          3
 Portal Projectile        Hex/Tloc       54%        N/A       1%          3
 Spider Form              Tmut/Pois      13%        N/A       1%          3
 Stone Arrow              Conj/Erth      54%        3d10      1%          3
 Swiftness                Air            27%        N/A       1%          3
 Teleport Other           Tloc           27%        N/A       1%          3
 Vampiric Draining        Necr           13%        2d7       1%          3
 Airstrike                Air            13%        N/A       1%          4
 Animate Dead             Necr           13%        N/A       1%          4
 Cause Fear               Hex            13%        N/A       1%          4
 Dispel Undead            Necr           27%        3d13      1%          4
 Fulminant Prism          Conj/Hex       13%        3d9       1%          4
 Olgreb's Toxic Radiance  Pois           27%        N/A       1%          4
 Petrify                  Tmut/Erth      27%        N/A       1%          4
 Sticky Flame             Conj/Fire      27%        2d5       1%          4
 Summon Lightning Spire   Summ/Air       27%        N/A       1%          4
 Alistair's Intoxication  Tmut/Pois      18%        N/A       1%          5
 Fireball                 Conj/Fire      13%        3d7       1%          5
 Iskenderun's Battlesphe  Conj           27%        2d8       1%          5
 Lee's Rapid Deconstruct  Erth           13%        3d10*     1%          5
 Summon Forest            Summ/Tloc      13%        N/A       1%          5
 Death Channel            Necr           13%        N/A       2%          6
 Dispersal                Tloc           13%        N/A       2%          6
 Invisibility             Hex            13%        N/A       2%          6
 Shadow Creatures         Summ           N/A        N/A       2%          6
 Dragon Form              Tmut           13%        N/A       19%         7
 Haunt                    Necr/Summ      13%        N/A       19%         7
 Storm Form               Tmut/Air       13%        N/A       19%         7
 Borgnjor's Revivificati  Necr           13%        N/A       85%         8
 Discord                  Hex            13%        N/A       85%         8
 Disjunction              Tloc           13%        N/A       85%         8
 Maxwell's Capacitive Co  Air            13%        ∞         85%         8
 Dragon's Call            Summ           13%        N/A       100%        9

Inventory:

Hand Weapons
 a - the +5 rapier "Riynad" {venom, rPois}
   (You found it on level 1 of the Lair of Beasts)

   It poisons the flesh of those it strikes.
   rPois:     It protects you from poison.
 e - a +1 sacred scourge of holy wrath
 w - a +4 broad axe of flaming (weapon)
 A - a +2 double sword of holy wrath
Missiles
 k - 5 javelins
 s - 6 silver javelins
 v - 34 boomerangs (quivered)
Armour
 f - the +2 pair of boots of the Filigreed Wumpus (melded) {rElec Int+7}
   (You bought it in a shop on level 2 of the Orcish Mines)

   Int:       It affects your intelligence (+7).
   rElec:     It insulates you from electricity.
 H - a +2 cloak of willpower (worn)
 K - a +2 helmet
 M - a +0 kite shield (worn)
 P - a +2 pair of gloves of archery (melded)
 Y - a +4 chain mail of fire resistance (melded)
Magical Staves
 Q - a staff of air
Jewellery
 g - an amulet of regeneration (around neck)
 y - an amulet of magic regeneration
 C - a ring of protection from cold (right fist)
 L - a ring of flight
 O - a +4 ring of protection
 R - a ring of resist corrosion (left fist)
 X - the ring "Ettoz" {Fire Will+ Int-5 Slay+3}
   (You took it off a deep elf annihilator on level 3 of the Elven Halls)

   [ring of fire]

   It enhances your fire magic.
   Int:       It affects your intelligence (-5).
   Slay:      It affects your accuracy & damage with ranged weapons and melee
   (+3).
   rF:        It protects you from fire.
   rC:        It makes you vulnerable to cold.
   Will:      It increases your willpower.
 Z - a ring of wizardry
Wands
 b - a wand of acid (49)
 h - a wand of digging (23)
 D - a wand of iceblast (45)
 G - a wand of charming (38)
Scrolls
 d - 6 scrolls of vulnerability {!r}
 j - 4 scrolls of fog
 n - 2 scrolls of holy word
 p - 6 scrolls of fear
 x - a scroll of enchant armour
 B - 3 scrolls of magic mapping
 I - 3 scrolls of blinking
 N - 8 scrolls of amnesia
 T - 18 scrolls of teleportation {@r4}
 U - 2 scrolls of summoning
Potions
 i - 2 potions of brilliance
 l - 12 potions of curing {@q1}
 m - a potion of resistance
 q - 2 potions of heal wounds {@q2}
 r - 11 potions of flight
 t - 8 potions of ambrosia
 u - a potion of invisibility
 z - 3 potions of lignification {!q}
 J - a potion of cancellation
 S - a potion of might
Miscellaneous
 c - a condenser vane
 o - a lightning rod (4/4)
 E - a tin of tremorstones (1/2)
 F - a phial of floods
 V - a box of beasts

Dungeon Overview and Level Annotations

Branches:
Dungeon (15/15)            Temple (1/1) D:7            Lair (6/6) D:9
 Shoals (4/4) Lair:2       Spider (4/4) Lair:2        Slime (5/5) Lair:6
    Orc (2/2) D:11            Elf (3/3) Orc:2        Vaults (3/5) D:14
  Crypt (0/3) Vaults:2     Depths (0/5) D:15        Volcano (visited)
 WizLab (visited)

Altars:
Ashenzari
Cheibriados
Dithmenos
Elyvilon
Fedhas
Gozag
Hepliaklqana
Kikubaaqudgha
Makhleb
Nemelex Xobeh
Okawaru
Qazlal
Ru
Sif Muna
Trog
Uskayaw
Vehumet
Wu Jian
Xom
Yredelemnul
Zin
The Shining One
Jiyva
Lugonu

Shops:
D:4 (   D:12 (   D:15 *   Orc:2 ([**   Elf:1 (   Vaults:1 =

Portals:
Abyss: Lair:6

Annotations:
D:4 Ijyb
D:10 3 exclusions
D:11 1 runed translucent door
Shoals:2 1 runed translucent door, snackwell's ghost, adept DEBr
Spider:2 1 runed translucent door, 1 exclusion, Xoiryclao's ghost, adept MiGl
Spider:3 Donald

.... .... ....
... ▒▒▒▒'▒▒▒
▒......▒
▒▒▒▒▒▒▒▒oo§...▒
.[....Ok8§§...▒
....(.o▒pk☼...▒
.......▒..[...▒
......{▒......▒
.......▒......▒
.......▒......▒
.......▒.<....▒
o......▒......▒
▒......▒


You could see an ironbound thunderhulk, 3 orc knights, an ironbound beastmaster
and 2 lindwurms.


Message History

You block the lindwurm's attack. The lindwurm barely misses you. x3
You block the lindwurm's attack. The lindwurm claws you.
* * * LOW HITPOINT WARNING * * *
You block the orc knight's attack.
The lindwurm bites you but does no damage.
The lindwurm barely misses you. The lindwurm completely misses you.
The lindwurm misses you. The lindwurm claws you.
* * * LOW HITPOINT WARNING * * *
You block the lindwurm's attack. The orc knight closely misses you.
The ironbound beastmaster completely misses you.
The orc knight hits you but does no damage.
The lindwurm closely misses you. You block the lindwurm's attack.
The lindwurm claws you but does no damage.
The lindwurm bites you but does no damage.
The lindwurm claws you.
* * * LOW HITPOINT WARNING * * *
The lindwurm completely misses you. The orc knight closely misses you.
The ironbound beastmaster misses you.
The orc knight hits you with a +0 war axe.
* * * LOW HITPOINT WARNING * * *
The orc knight roars a battlecry!
The orc knight goes into a battle-frenzy!
The lindwurm barely misses you. The lindwurm misses you.
The lindwurm claws you but does no damage.
The lindwurm bites you but does no damage.
The lindwurm barely misses you. The lindwurm closely misses you.
The orc knight closely misses you.
The ironbound beastmaster hits you with a +1 spectral quarterstaff!
You die...
Xom chortles!

Skill      XL: |  1  2  3  4  5  6  7  8  9 10 11 12 13 14 15 16 17 18 19 20 21 22 23 |
---------------+----------------------------------------------------------------------+-----
Invocations    | 1 2 3 4 5 6 7 8 9 10 11 12 13 14 15 16 | 16.3
Long Blades    | 1 2 3 4 5 6 7 8 9 10 11 12 13 14 15 | 15.2
Axes           | 1 2 3 4 5 6 7 8 9 10 11 12 13 14 15 | 15.2
Maces & Flails | 1 2 3 4 5 6 7 8 9 10 11 12 13 14 15 | 15.2
Polearms       | 1 2 3 4 5 6 7 8 9 10 11 12 13 14 15 | 15.2
Slings         | 1 2 3 4 5 6 7 8 9 10 11 12 13 14 15 | 15.2
Bows           | 1 2 3 4 5 6 7 8 9 10 11 12 13 14 15 | 15.2
Crossbows      | 1 2 3 4 5 6 7 8 9 10 11 12 13 14 15 | 15.2
Armour         | 1 2 3 4 5 6 7 8 9 10 11 12 13 14 15 | 15.2
Stealth        | 1 2 3 4 5 6 7 8 9 10 11 12 13 14 15 | 15.2
Shields        | 1 2 3 4 5 6 7 8 9 10 11 12 13 14 15 | 15.2
Unarmed Combat | 1 2 3 4 5 6 7 8 9 10 11 12 13 14 15 | 15.2
Spellcasting   | 1 2 3 4 5 6 7 8 9 10 11 12 13 14 15 | 15.2
Conjurations   | 1 2 3 4 5 6 7 8 9 10 11 12 13 | 13.1
Hexes          | 1 2 3 4 5 6 7 8 9 10 11 12 13 | 13.1
Summonings     | 1 2 3 4 5 6 7 8 9 10 11 12 13 | 13.1
Necromancy     | 1 2 3 4 5 6 7 8 9 10 11 12 13 | 13.1
Translocations | 1 2 3 4 5 6 7 8 9 10 11 12 13 | 13.1
Transmutations | 1 2 3 4 5 6 7 8 9 10 11 12 13 | 13.1
Fire Magic     | 1 2 3 4 5 6 7 8 9 10 11 12 13 | 13.1
Ice Magic      | 1 2 3 4 5 6 7 8 9 10 11 12 13 | 13.1
Air Magic      | 1 2 3 4 5 6 7 8 9 10 11 12 13 | 13.1
Earth Magic    | 1 2 3 4 5 6 7 8 9 10 11 12 13 | 13.1
Poison Magic   | 1 2 3 4 5 6 7 8 9 10 11 12 13 | 13.1
Short Blades   | 3 4 5 6 7 8 9 10 11 12 13 14 15 | 15.4
Throwing       | 3 4 5 6 7 8 9 10 11 12 13 14 15 | 15.4
Dodging        | 3 4 5 6 7 8 9 10 11 12 13 14 15 | 15.4
Evocations     | 3 4 5 6 7 8 9 10 11 12 13 14 15 | 15.4
Staves         | 5 6 7 8 9 10 11 12 13 14 15 | 15.7
Fighting       | 9 10 11 12 13 14 15 16 | 16.8

Action                   |  1- 3 |  4- 6 |  7- 9 | 10-12 | 13-15 | 16-18 | 19-21 | 22-24 || total
-------------------------+-------+-------+-------+-------+-------+-------+-------+-------++-------
Melee: Quarterstaff      |    70 |    96 |   451 |    29 |       |       |       |       ||   646
       Bite              |     2 |     9 |    36 |     9 |    61 |    70 |   162 |   247 ||   596
       Unarmed           |       |       |    10 |       |       |       |       |       ||    10
       Battleaxe         |       |       |     9 |       |       |       |       |       ||     9
       Rapier            |       |       |       |     1 |    48 |   210 |     2 |       ||   261
       Lajatang          |       |       |       |    33 |   173 |       |       |       ||   206
       Broad axe         |       |       |       |    23 |    64 |    93 |   692 |  1065 ||  1937
       Punch             |       |       |       |     1 |     5 |       |       |       ||     6
       Kick              |       |       |       |       |       |       |       |    40 ||    40
       Double sword      |       |       |       |       |       |       |       |     8 ||     8
       Sacred scourge    |       |       |       |       |       |       |       |    27 ||    27
 Fire: Hunting sling     |    10 |     4 |    23 |       |       |       |       |       ||    37
       Shortbow          |       |       |    32 |     5 |       |       |       |       ||    37
       Fustibalus        |       |       |       |   348 |   317 |   273 |    53 |       ||   991
Throw: Stone             |       |    13 |       |       |       |       |       |       ||    13
       Dart              |       |     1 |    24 |     1 |     5 |    75 |       |       ||   106
       Throwing net      |       |       |     1 |       |       |       |       |       ||     1
       Javelin           |       |       |       |       |       |    36 |    13 |    16 ||    65
       Boomerang         |       |       |       |       |       |     4 |     3 |   128 ||   135
 Cast: Mephitic Cloud    |       |       |       |    35 |       |     1 |       |       ||    36
       Ignite Poison     |       |       |       |    11 |       |     2 |     1 |     2 ||    16
       Borgnjor's Vile C |       |       |       |    30 |   105 |   141 |    47 |    55 ||   378
       Bolt of Magma     |       |       |       |     3 |    20 |    25 |     6 |     8 ||    62
       Summon Mana Viper |       |       |       |       |    20 |    74 |    24 |     4 ||   122
       Freezing Cloud    |       |       |       |       |       |    37 |     9 |     2 ||    48
       Eringya's Noxious |       |       |       |       |       |    21 |     2 |     2 ||    25
       Teleport Other    |       |       |       |       |       |     1 |       |       ||     1
       Statue Form       |       |       |       |       |       |     3 |     6 |    27 ||    36
       Conjure Ball Ligh |       |       |       |       |       |       |    18 |     5 ||    23
       Apportation       |       |       |       |       |       |       |       |     2 ||     2
       Passage of Golubr |       |       |       |       |       |       |       |     2 ||     2
Invok: Slouch            |       |       |       |       |     9 |     3 |     2 |     3 ||    17
       Step From Time    |       |       |       |       |       |       |     2 |     1 ||     3
       Temporal Distorti |       |       |       |       |       |       |     1 |       ||     1
 Abil: End Transformatio |       |       |       |       |       |       |     1 |     4 ||     5
Evoke: Wand              |       |       |       |     1 |     5 |    28 |     1 |     5 ||    40
       Box of beasts     |       |       |       |       |       |       |     2 |       ||     2
       Tin of tremorston |       |       |       |       |       |       |     2 |     2 ||     4
       Condenser vane    |       |       |       |       |       |       |       |     2 ||     2
  Use: Scroll            |     1 |       |    11 |    13 |     9 |    14 |     5 |     7 ||    60
       Potion            |       |       |     2 |     1 |     1 |     7 |     5 |    19 ||    35
 Stab: Sleeping          |     1 |       |     1 |       |     3 |     3 |    26 |     1 ||    35
       Confused          |       |       |       |     1 |     1 |       |       |       ||     2
       Distracted        |       |       |       |       |     4 |     2 |     5 |     5 ||    16
       Held in net/web   |       |       |       |       |       |     2 |       |       ||     2
       Paralysed         |       |       |       |       |       |     2 |       |       ||     2
       Invisible         |       |       |       |       |       |       |       |    12 ||    12
Armor: Leather armour    |    23 |       |       |       |       |       |       |       ||    23
       Ring mail         |     8 |    37 |       |       |       |       |       |       ||    45
       Scale mail        |       |       |   231 |     9 |       |       |       |       ||   240
       Robe              |       |       |     6 |       |       |    87 |     2 |       ||    95
       Skin              |       |       |    47 |       |       |    12 |    89 |   203 ||   351
       Steam dragon scal |       |       |       |    14 |       |       |       |       ||    14
       Acid dragon scale |       |       |       |    46 |   205 |    92 |   120 |       ||   463
       Chain mail        |       |       |       |       |       |       |   102 |   249 ||   351
Dodge: Dodged            |    53 |    45 |   255 |   164 |   437 |   567 |   789 |   966 ||  3276
Block: Buckler           |       |       |       |       |    22 |   287 |   361 |       ||   670
       Reflection        |       |       |       |       |       |    16 |    20 |       ||    36
       Kite shield       |       |       |       |       |       |       |   188 |  1036 ||  1224
       Rpst.: Double sword |       |       |       |       |       |       |       |     1 ||     1

Levels and vault maps discovered:
D:1:      lightli_arrival_boilingwater, layout_rooms,
          shapermc_ecumenical_altar_notcrosses, minmay_pentomino_t2
D:2:      layout_loops_corners, minmay_surrounded
D:3:      layout_basic, lemuel_crystal_altar
D:4:      layout_basic, nicolae_uskayaw_murder_on_the_dancefloor,
          serial_corexii_hall, corexii_hall_statues_x, chequers_hall_statues_y,
          serial_shops, shop, guppyfry_early_lair_pool, uniq_pikel, uniq_ijyb
D:5:      layout_rooms, nicolae_ru_sacrificial_ziggurat, xom_redecorated,
          abandoned_shop, serial_bayou_lagoon_b
D:6:      layout_loops_cross, nemelex_diamond_rough_becter, grunt_ministairs_5
D:7:      layout_loops_ring, mainiacjoe_overflow_24_doors,
          nzn_wu_jian_council_hall, tgw_sif, nzn_hepliaklqana_mist_gate,
          minmay_temple_entry_slanted, serial_rivers,
          chequers_serial_rivers_room_b, chequers_serial_rivers_large_b,
          chequers_serial_rivers_micro_e, chequers_serial_rivers_room_a,
          chequers_serial_rivers_micro_d, chequers_serial_rivers_micro_a
D:8:      layout_loops_corners, mainiacjoe_overflow_big_doors
D:9:      layout_stronghold, chequers_temple_overflow_statue_of_worship,
          erik_lair_orcish_takeover
D:10:     layout_basic, lightli_temple_of_fire, minmay_shattered_shrine
D:11:     cheibrodos_shockbox, layout_loops_cross, hiddenorc2_lemuel
D:12:     layout_long_grid, serial_shops, shop, chequers_serial_rivers_room_a,
          roderic_roman_lattice, eino_house_with_fridge
D:13:     layout_basic, drop_trap, st_stairs_8,
          hangedman_abyss_or_decor_lesser_grid, hellmonk_bongcloud_opening,
          kennysheep_four_rooms
D:14:     layout_loops_ring, skrybe_vaults_entry_preservation,
          chequers_serial_rivers_small_3, kennysheep_diamond,
          minmay_guarded_unrand_variability
D:15:     grunt_enter_depths_giant_problem, layout_basic,
          gammafunk_ghost_fury_of_okawaru, nicolae_shop_sticking_my_neck_out
Temple:   corrupted_temple
Lair:1:   layout_roguey, serial_bayou_shore_b, minmay_lair_oklob_chamber,
          infiniplex_staircase_pool, grunt_megastairs_3, uniq_maggie,
          uniq_joseph
Lair:2:   layout_layer_cave, minmay_shoals_entry_lonely_mermaid,
          dummy_spider_entry, nicolae_volcano_entry_two_sided,
          gammafunk_ghost_hive, st_stairs_9, chequers_serial_rivers_small_a
Lair:3:   layout_roguey, uniq_urug
Lair:4:   layout_roguey, beast_lair_carwin_11
Lair:5:   layout_roguey, hibernation_bobbens
Lair:6:   hellmonk_lair_end_abyssal_woods, layout_regular_city, slime_altar_1,
          infiniplex_staircase_pool_2, serial_bayou_shore_a, uniq_kirke,
          uniq_snorg
Shoals:1: cheibrodos_shoals_oceanic_diplomacy, layout_shoals
Shoals:2: layout_shoals, ebering_ghost_inner_flame, nicolae_shoals_spectral_cove
Shoals:3: layout_shoals
Shoals:4: shoals_end_hangedman, layout_shoals, nicolae_shoals_aquamancer_cove,
          uniq_polyphemus
Spider:1: layout_chambers, hangedman_spider_tarantella_strand
Spider:2: layout_spider_delve, ebering_ghost_reflecting_pool,
          portal_ice_cave_entry_ice_simulacra, uniq_aizul, uniq_jorgrun
Spider:3: layout_spider_delve, special_room [special_room_bee], uniq_arachne,
          uniq_donald
Spider:4: johnstein_spider_rune_arachne_lair
Slime:1:  layout_caves
Slime:2:  layout_caves, dissolution_awaits
Slime:3:  layout_caves, nicolae_slime_round_cave
Slime:4:  layout_caves, nicolae_slime_welcoming_committee
Slime:5
Orc:1:    layout_caves, rock_pile
Orc:2:    st_orc_ogre_mass, layout_caves, bh_open_orc_temple
Elf:1:    eino_elf_arrival_shootout, layout_gridlike, serial_shops, shop,
          kennysheep_underground_church, uniq_azrael, uniq_roxanne
Elf:2:    nicolae_elf_blades_splatter_lattice [nicolae_blade_little_rooms],
          layout_geoelf_octagon, minmay_misc_feat_cross
Elf:3:    minmay_elf_hall_quartered_circle, layout_loops_ring,
          gammafunk_ghost_berserking_beasts
Vaults:1: v_misc_30, vaults_room_glass_cross, v_misc_25, vaults_mumra_hexcomb,
          dpeg_vaults_monster_box, layout_vaults_omnigrid,
          lightli_enter_wizlab_magi_temple, serial_shops, shop_statue
Vaults:2: hangedman_vaults_nodes, vaults_room_fours,
          nicolae_vaults_network_barrier, nicolae_vaults_diagonal_hallway_9,
          v_rooms_4, v_pattern_4, nicolae_vaults_network_s,
          nicolae_vaults_little_squares_3, nicolae_vaults_minivaults,
          vaults_dpeg_encased_lava, minmay_crypt_entry_simple_sparse,
          vaults_room_door_ring, layout_vaults_maze_snakey, uniq_margery
Vaults:3: v_alt_pattern_5, dpeg_vaults_monster_row, vaults_mumra_lcd,
          vaults_room_ringed_pool, v_misc_18, hangedman_vaults_maws,
          vaults_room_door_hall, vaults_mumra_minichess_inversion,
          layout_vaults_ring

Notes
Turn   | Place    | Note
-------+----------+-------------------------------------------
     0 | D:1      | agentchuck the Gnoll Wanderer began the quest for the Orb.
     0 | D:1      | agentchuck set off with the following items: a +2
                  | quarterstaff, a potion of lignification {!q}, a scroll of
                  | teleportation {@r4}, a +0 robe
     0 | D:1      | Reached XP level 1. HP: 26/26 MP: 1/1
    95 | D:1      | Reached XP level 2. HP: 33/33 MP: 2/2
   350 | D:1      | Found a faded altar of an unknown god.
   538 | D:2      | Reached XP level 3. HP: 38/38 MP: 3/3
   804 | D:2      | Reached skill level 1 in Invocations
   855 | D:2      | Reached skill level 1 in Long Blades
   855 | D:2      | Reached skill level 1 in Axes
   855 | D:2      | Reached skill level 1 in Maces & Flails
   855 | D:2      | Reached skill level 1 in Polearms
   855 | D:2      | Reached skill level 1 in Slings
   855 | D:2      | Reached skill level 1 in Bows
   855 | D:2      | Reached skill level 1 in Crossbows
   855 | D:2      | Reached skill level 1 in Armour
   855 | D:2      | Reached skill level 1 in Stealth
   855 | D:2      | Reached skill level 1 in Shields
   855 | D:2      | Reached skill level 1 in Unarmed Combat
   855 | D:2      | Reached skill level 1 in Spellcasting
   984 | D:2      | Reached XP level 4. HP: 37/45 MP: 5/5
  1528 | D:3      | Found a shadowy altar of Dithmenos.
  1565 | D:3      | Reached skill level 1 in Conjurations
  1565 | D:3      | Reached skill level 1 in Hexes
  1565 | D:3      | Reached skill level 1 in Summonings
  1565 | D:3      | Reached skill level 1 in Necromancy
  1565 | D:3      | Reached skill level 1 in Translocations
  1565 | D:3      | Reached skill level 1 in Transmutations
  1565 | D:3      | Reached skill level 1 in Fire Magic
  1565 | D:3      | Reached skill level 1 in Ice Magic
  1565 | D:3      | Reached skill level 1 in Air Magic
  1565 | D:3      | Reached skill level 1 in Earth Magic
  1565 | D:3      | Reached skill level 1 in Poison Magic
  1577 | D:3      | Reached XP level 5. HP: 51/51 MP: 5/7
  2026 | D:4      | Reached skill level 3 in Short Blades
  2026 | D:4      | Reached skill level 3 in Throwing
  2026 | D:4      | Reached skill level 3 in Dodging
  2026 | D:4      | Reached skill level 3 in Evocations
  2039 | D:4      | Found a hide-covered altar of Uskayaw.
  2156 | D:4      | Found Yfirr's Weapon Shoppe.
  2161 | D:4      | Noticed a lemure
  2161 | D:4      | Noticed Pikel
  2184 | D:4      | Killed a lemure
  2204 | D:4      | Noticed a lemure
  2214 | D:4      | Killed a lemure
  2229 | D:4      | Noticed a lemure
  2249 | D:4      | HP: 4/51 [Pikel (2)]
  2250 | D:4      | Noticed a lemure
  2295 | D:4      | Killed Pikel
  2296 | D:4      | Reached skill level 2 in Long Blades
  2296 | D:4      | Reached skill level 2 in Axes
  2296 | D:4      | Reached skill level 2 in Maces & Flails
  2296 | D:4      | Reached skill level 2 in Polearms
  2296 | D:4      | Reached skill level 5 in Staves
  2296 | D:4      | Reached skill level 2 in Slings
  2296 | D:4      | Reached skill level 2 in Bows
  2296 | D:4      | Reached skill level 2 in Crossbows
  2296 | D:4      | Reached skill level 2 in Armour
  2296 | D:4      | Reached skill level 2 in Stealth
  2296 | D:4      | Reached skill level 2 in Shields
  2296 | D:4      | Reached skill level 2 in Unarmed Combat
  2296 | D:4      | Reached skill level 2 in Spellcasting
  2296 | D:4      | Reached skill level 2 in Conjurations
  2296 | D:4      | Reached skill level 2 in Hexes
  2296 | D:4      | Reached skill level 2 in Summonings
  2296 | D:4      | Reached skill level 2 in Necromancy
  2296 | D:4      | Reached skill level 2 in Translocations
  2296 | D:4      | Reached skill level 2 in Transmutations
  2296 | D:4      | Reached skill level 2 in Fire Magic
  2296 | D:4      | Reached skill level 2 in Ice Magic
  2296 | D:4      | Reached skill level 2 in Air Magic
  2296 | D:4      | Reached skill level 2 in Earth Magic
  2296 | D:4      | Reached skill level 2 in Poison Magic
  2296 | D:4      | Reached skill level 2 in Invocations
  2296 | D:4      | Reached XP level 6. HP: 14/57 MP: 7/9
  2296 | D:4      | Reached XP level 7. HP: 15/63 MP: 7/10
  2612 | D:4      | Noticed Ijyb
  2983 | D:4      | Reached skill level 9 in Fighting
  2998 | D:4      | Reached skill level 3 in Invocations
  3157 | D:5      | Entered Level 5 of the Dungeon
  3160 | D:5      | Found a sacrificial altar of Ru.
  3485 | D:5      | Reached XP level 8. HP: 59/71 MP: 12/12
  3500 | D:5      | Reached skill level 4 in Short Blades
  3500 | D:5      | Reached skill level 3 in Long Blades
  3500 | D:5      | Reached skill level 3 in Axes
  3500 | D:5      | Reached skill level 3 in Maces & Flails
  3500 | D:5      | Reached skill level 3 in Polearms
  3500 | D:5      | Reached skill level 3 in Slings
  3500 | D:5      | Reached skill level 3 in Bows
  3500 | D:5      | Reached skill level 3 in Crossbows
  3500 | D:5      | Reached skill level 4 in Throwing
  3500 | D:5      | Reached skill level 3 in Armour
  3500 | D:5      | Reached skill level 4 in Dodging
  3500 | D:5      | Reached skill level 3 in Stealth
  3500 | D:5      | Reached skill level 3 in Shields
  3500 | D:5      | Reached skill level 3 in Unarmed Combat
  3500 | D:5      | Reached skill level 3 in Spellcasting
  3500 | D:5      | Reached skill level 4 in Evocations
  3734 | D:5      | Found a shimmering altar of Xom.
  3734 | D:5      | Found a shimmering altar of Xom.
  3735 | D:5      | Found a shimmering altar of Xom.
  3735 | D:5      | Found a shimmering altar of Xom.
  3735 | D:5      | Found a shimmering altar of Xom.
  3735 | D:5      | Found a shimmering altar of Xom.
  3735 | D:5      | Found a shimmering altar of Xom.
  4799 | D:6      | Reached skill level 3 in Conjurations
  4799 | D:6      | Reached skill level 3 in Hexes
  4799 | D:6      | Reached skill level 3 in Summonings
  4799 | D:6      | Reached skill level 3 in Necromancy
  4799 | D:6      | Reached skill level 3 in Translocations
  4799 | D:6      | Reached skill level 3 in Transmutations
  4799 | D:6      | Reached skill level 3 in Fire Magic
  4799 | D:6      | Reached skill level 3 in Ice Magic
  4799 | D:6      | Reached skill level 3 in Air Magic
  4799 | D:6      | Reached skill level 3 in Earth Magic
  4799 | D:6      | Reached skill level 3 in Poison Magic
  4799 | D:6      | Reached skill level 4 in Invocations
  4988 | D:6      | Reached skill level 6 in Staves
  4988 | D:6      | Reached XP level 9. HP: 53/76 MP: 14/14
  5629 | D:6      | Reached skill level 4 in Long Blades
  5629 | D:6      | Reached skill level 4 in Axes
  5629 | D:6      | Reached skill level 4 in Maces & Flails
  5629 | D:6      | Reached skill level 4 in Polearms
  5629 | D:6      | Reached skill level 4 in Slings
  5629 | D:6      | Reached skill level 4 in Bows
  5629 | D:6      | Reached skill level 4 in Crossbows
  5629 | D:6      | Reached skill level 4 in Armour
  5629 | D:6      | Reached skill level 4 in Stealth
  5629 | D:6      | Reached skill level 4 in Shields
  5629 | D:6      | Reached skill level 4 in Unarmed Combat
  5629 | D:6      | Reached skill level 4 in Spellcasting
  5786 | D:6      | Found a sparkling altar of Nemelex Xobeh.
  6057 | D:7      | Found a staircase to the Ecumenical Temple.
  6077 | Temple   | Entered the Ecumenical Temple
  6192 | D:7      | Found a shimmering blue altar of Sif Muna.
  6268 | D:7      | Reached skill level 5 in Short Blades
  6268 | D:7      | Reached skill level 5 in Throwing
  6268 | D:7      | Reached skill level 5 in Dodging
  6268 | D:7      | Reached skill level 5 in Evocations
  6453 | D:7      | Found a radiant altar of Vehumet.
  6499 | D:7      | Learned a level 3 spell: Mephitic Cloud
  6982 | D:7      | Found a hazy altar of Hepliaklqana.
  7236 | D:7      | Found an ornate altar of the Wu Jian Council.
  7448 | D:8      | Reached skill level 5 in Invocations
  8783 | D:8      | Found a glowing silver altar of Zin.
  8788 | D:8      | Found a snail-covered altar of Cheibriados.
  8792 | D:8      | Became a worshipper of Cheibriados the Contemplative
  8825 | D:8      | Reached XP level 10. HP: 55/74 MP: 17/17
  8927 | D:8      | Reached skill level 4 in Conjurations
  8927 | D:8      | Reached skill level 4 in Hexes
  8927 | D:8      | Reached skill level 4 in Summonings
  8927 | D:8      | Reached skill level 4 in Necromancy
  8927 | D:8      | Reached skill level 4 in Translocations
  8927 | D:8      | Reached skill level 4 in Transmutations
  8927 | D:8      | Reached skill level 4 in Fire Magic
  8927 | D:8      | Reached skill level 4 in Ice Magic
  8927 | D:8      | Reached skill level 4 in Air Magic
  8927 | D:8      | Reached skill level 4 in Earth Magic
  8927 | D:8      | Reached skill level 4 in Poison Magic
  9240 | D:8      | Learned a level 3 spell: Ignite Poison
  9361 | D:9      | Noticed a manticore
  9384 | D:8      | Reached skill level 5 in Long Blades
  9384 | D:8      | Reached skill level 5 in Axes
  9384 | D:8      | Reached skill level 5 in Maces & Flails
  9384 | D:8      | Reached skill level 5 in Polearms
  9384 | D:8      | Reached skill level 5 in Slings
  9384 | D:8      | Reached skill level 5 in Bows
  9384 | D:8      | Reached skill level 5 in Crossbows
  9384 | D:8      | Reached skill level 5 in Armour
  9384 | D:8      | Reached skill level 5 in Stealth
  9384 | D:8      | Reached skill level 5 in Shields
  9384 | D:8      | Reached skill level 5 in Unarmed Combat
  9384 | D:8      | Reached skill level 5 in Spellcasting
  9615 | D:9      | Found a burning altar of Makhleb.
  9617 | D:9      | Found a glowing golden altar of the Shining One.
 10160 | D:9      | Reached * piety under Cheibriados
 10161 | D:9      | Reached skill level 10 in Fighting
 10161 | D:9      | Reached skill level 7 in Staves
 10360 | D:9      | Found a staircase to the Lair.
 10542 | Lair:1   | Entered Level 1 of the Lair of Beasts
 10543 | Lair:1   | Noticed an oklob plant
 10543 | Lair:1   | Noticed an oklob plant
 10544 | Lair:1   | Noticed a cane toad
 10567 | D:9      | Killed a cane toad
 10568 | D:9      | Reached skill level 6 in Short Blades
 10568 | D:9      | Reached skill level 6 in Throwing
 10568 | D:9      | Reached skill level 6 in Dodging
 10568 | D:9      | Reached skill level 6 in Evocations
 10574 | D:9      | Learned a level 5 spell: Bolt of Magma
 10580 | D:9      | Learned a level 5 spell: Borgnjor's Vile Clutch
 10918 | Lair:1   | Reached skill level 6 in Invocations
 11068 | Lair:1   | Noticed a cane toad
 11075 | Lair:1   | Killed a cane toad
 11118 | Lair:1   | Noticed a cane toad
 11126 | Lair:1   | Killed a cane toad
 11299 | Lair:1   | Reached XP level 11. HP: 91/91 MP: 19/19
 11385 | Lair:1   | Reached skill level 6 in Long Blades
 11385 | Lair:1   | Reached skill level 6 in Axes
 11385 | Lair:1   | Reached skill level 6 in Maces & Flails
 11385 | Lair:1   | Reached skill level 6 in Polearms
 11385 | Lair:1   | Reached skill level 6 in Slings
 11385 | Lair:1   | Reached skill level 6 in Bows
 11385 | Lair:1   | Reached skill level 6 in Crossbows
 11385 | Lair:1   | Reached skill level 6 in Armour
 11385 | Lair:1   | Reached skill level 6 in Stealth
 11385 | Lair:1   | Reached skill level 6 in Shields
 11385 | Lair:1   | Reached skill level 6 in Unarmed Combat
 11385 | Lair:1   | Reached skill level 6 in Spellcasting
 11394 | Lair:1   | Reached skill level 5 in Conjurations
 11394 | Lair:1   | Reached skill level 5 in Hexes
 11394 | Lair:1   | Reached skill level 5 in Summonings
 11394 | Lair:1   | Reached skill level 5 in Necromancy
 11394 | Lair:1   | Reached skill level 5 in Translocations
 11394 | Lair:1   | Reached skill level 5 in Transmutations
 11394 | Lair:1   | Reached skill level 5 in Fire Magic
 11394 | Lair:1   | Reached skill level 5 in Ice Magic
 11394 | Lair:1   | Reached skill level 5 in Air Magic
 11394 | Lair:1   | Reached skill level 5 in Earth Magic
 11394 | Lair:1   | Reached skill level 5 in Poison Magic
 11404 | Lair:1   | Reached ** piety under Cheibriados
 11578 | Lair:1   | Noticed a seven-headed hydra
 11581 | Lair:1   | Killed a seven-headed hydra
 11669 | Lair:1   | Noticed Maggie
 11675 | Lair:1   | Identified the +5 rapier "Riynad" {venom, rPois}
 11690 | Lair:1   | Killed Maggie
 11691 | Lair:1   | Reached skill level 7 in Invocations
 11694 | Lair:1   | Noticed Joseph
 11710 | Lair:1   | Killed Joseph
 11711 | Lair:1   | Reached skill level 7 in Short Blades
 11711 | Lair:1   | Reached skill level 8 in Staves
 11711 | Lair:1   | Reached skill level 7 in Throwing
 11711 | Lair:1   | Reached skill level 7 in Dodging
 11711 | Lair:1   | Reached skill level 7 in Evocations
 11855 | Lair:2   | Found a staircase to the Shoals.
 11949 | Lair:2   | Found a dark tunnel.
 11966 | Volcano  | Entered a volcano
 11982 | Volcano  | Noticed a centaur warrior
 11985 | Volcano  | Killed a centaur warrior
 11987 | Volcano  | Noticed a red draconian
 12256 | Volcano  | Killed a red draconian
 12415 | Volcano  | Reached XP level 12. HP: 82/99 MP: 22/22
 12422 | Volcano  | Found a burning altar of Makhleb.
 12667 | Lair:2   | Reached *** piety under Cheibriados
 12691 | Lair:2   | Found a transporter.
 12695 | Lair:2   | Found a transporter.
 12695 | Lair:2   | Noticed Xudgha's ghost (journeyman MiFi)
 12705 | Lair:2   | Found a hole to the Spider Nest.
 12964 | Lair:3   | Noticed an eight-headed hydra
 12970 | Lair:3   | Killed an eight-headed hydra
 12971 | Lair:3   | Reached skill level 7 in Long Blades
 12971 | Lair:3   | Reached skill level 7 in Axes
 12971 | Lair:3   | Reached skill level 7 in Maces & Flails
 12971 | Lair:3   | Reached skill level 7 in Polearms
 12971 | Lair:3   | Reached skill level 7 in Slings
 12971 | Lair:3   | Reached skill level 7 in Bows
 12971 | Lair:3   | Reached skill level 7 in Crossbows
 12971 | Lair:3   | Reached skill level 7 in Armour
 12971 | Lair:3   | Reached skill level 7 in Stealth
 12971 | Lair:3   | Reached skill level 7 in Shields
 12971 | Lair:3   | Reached skill level 7 in Unarmed Combat
 12971 | Lair:3   | Reached skill level 7 in Spellcasting
 13136 | Lair:3   | Reached skill level 11 in Fighting
 13207 | Lair:3   | Noticed a four-headed hydra
 13208 | Lair:3   | Noticed Urug
 13212 | Lair:3   | Killed a four-headed hydra
 13213 | Lair:3   | Reached skill level 6 in Conjurations
 13213 | Lair:3   | Reached skill level 6 in Hexes
 13213 | Lair:3   | Reached skill level 6 in Summonings
 13213 | Lair:3   | Reached skill level 6 in Necromancy
 13213 | Lair:3   | Reached skill level 6 in Translocations
 13213 | Lair:3   | Reached skill level 6 in Transmutations
 13213 | Lair:3   | Reached skill level 6 in Fire Magic
 13213 | Lair:3   | Reached skill level 6 in Ice Magic
 13213 | Lair:3   | Reached skill level 6 in Air Magic
 13213 | Lair:3   | Reached skill level 6 in Earth Magic
 13213 | Lair:3   | Reached skill level 6 in Poison Magic
 13245 | Lair:3   | Reached skill level 8 in Invocations
 13245 | Lair:3   | Noticed a six-headed hydra
 13312 | Lair:3   | Killed a six-headed hydra
 13359 | Lair:3   | Noticed a seven-headed hydra
 13381 | Lair:3   | Killed a seven-headed hydra
 13383 | Lair:3   | Reached skill level 8 in Short Blades
 13383 | Lair:3   | Reached skill level 8 in Throwing
 13383 | Lair:3   | Reached skill level 8 in Dodging
 13383 | Lair:3   | Reached skill level 8 in Evocations
 13481 | Lair:3   | Reached **** piety under Cheibriados
 13513 | Lair:3   | Reached skill level 9 in Staves
 13588 | Lair:3   | Killed Urug
 13866 | Lair:4   | Noticed a four-headed hydra
 13880 | Lair:4   | Killed a one-headed hydra
 13881 | Lair:4   | Reached XP level 13. HP: 97/106 MP: 24/24
 13905 | Lair:4   | Reached skill level 8 in Long Blades
 13905 | Lair:4   | Reached skill level 8 in Axes
 13905 | Lair:4   | Reached skill level 8 in Maces & Flails
 13905 | Lair:4   | Reached skill level 8 in Polearms
 13905 | Lair:4   | Reached skill level 8 in Slings
 13905 | Lair:4   | Reached skill level 8 in Bows
 13905 | Lair:4   | Reached skill level 8 in Crossbows
 13905 | Lair:4   | Reached skill level 8 in Armour
 13905 | Lair:4   | Reached skill level 8 in Stealth
 13905 | Lair:4   | Reached skill level 8 in Shields
 13905 | Lair:4   | Reached skill level 8 in Unarmed Combat
 13905 | Lair:4   | Reached skill level 8 in Spellcasting
 14191 | Lair:4   | Learned a level 3 spell: Teleport Other
 14842 | Lair:5   | Reached skill level 9 in Invocations
 14924 | Lair:5   | Reached skill level 7 in Conjurations
 14924 | Lair:5   | Reached skill level 7 in Hexes
 14924 | Lair:5   | Reached skill level 7 in Summonings
 14924 | Lair:5   | Reached skill level 7 in Necromancy
 14924 | Lair:5   | Reached skill level 7 in Translocations
 14924 | Lair:5   | Reached skill level 7 in Transmutations
 14924 | Lair:5   | Reached skill level 7 in Fire Magic
 14924 | Lair:5   | Reached skill level 7 in Ice Magic
 14924 | Lair:5   | Reached skill level 7 in Air Magic
 14924 | Lair:5   | Reached skill level 7 in Earth Magic
 14924 | Lair:5   | Reached skill level 7 in Poison Magic
 15026 | Lair:5   | Identified the +3 rapier of Makhleb's Reproof {vamp, rC+
                  | rCorr Int-4 SInv}
 15142 | Lair:6   | Entered Level 6 of the Lair of Beasts
 15146 | Lair:6   | Reached ***** piety under Cheibriados
 15156 | Lair:5   | Reached skill level 9 in Short Blades
 15156 | Lair:5   | Reached skill level 9 in Throwing
 15156 | Lair:5   | Reached skill level 9 in Dodging
 15156 | Lair:5   | Reached skill level 9 in Evocations
 15194 | Lair:6   | Found a viscous altar of Jiyva.
 15194 | Lair:6   | Found a staircase to the Slime Pits.
 15207 | Lair:6   | Noticed Snorg
 15259 | Lair:6   | Noticed Kirke
 15266 | Lair:6   | Killed Kirke
 15368 | Lair:6   | Killed Snorg
 15369 | Lair:6   | Reached XP level 14. HP: 69/114 MP: 19/26
 15670 | Lair:6   | Reached skill level 12 in Fighting
 15670 | Lair:6   | Reached skill level 10 in Staves
 15708 | Lair:6   | Reached skill level 9 in Long Blades
 15708 | Lair:6   | Reached skill level 9 in Axes
 15708 | Lair:6   | Reached skill level 9 in Maces & Flails
 15708 | Lair:6   | Reached skill level 9 in Polearms
 15708 | Lair:6   | Reached skill level 9 in Slings
 15708 | Lair:6   | Reached skill level 9 in Bows
 15708 | Lair:6   | Reached skill level 9 in Crossbows
 15708 | Lair:6   | Reached skill level 9 in Armour
 15708 | Lair:6   | Reached skill level 9 in Stealth
 15708 | Lair:6   | Reached skill level 9 in Shields
 15708 | Lair:6   | Reached skill level 9 in Unarmed Combat
 15708 | Lair:6   | Reached skill level 9 in Spellcasting
 16288 | Lair:6   | Reached skill level 10 in Invocations
 17284 | Lair:6   | Reached skill level 8 in Conjurations
 17284 | Lair:6   | Reached skill level 8 in Hexes
 17284 | Lair:6   | Reached skill level 8 in Summonings
 17284 | Lair:6   | Reached skill level 8 in Necromancy
 17284 | Lair:6   | Reached skill level 8 in Translocations
 17284 | Lair:6   | Reached skill level 8 in Transmutations
 17284 | Lair:6   | Reached skill level 8 in Fire Magic
 17284 | Lair:6   | Reached skill level 8 in Ice Magic
 17284 | Lair:6   | Reached skill level 8 in Air Magic
 17284 | Lair:6   | Reached skill level 8 in Earth Magic
 17284 | Lair:6   | Reached skill level 8 in Poison Magic
 17444 | Lair:6   | Found a corrupted altar of Lugonu.
 17444 | Lair:6   | Found a one-way gate to the infinite horrors of the Abyss.
 17460 | Lair:6   | Got the Volume of Beguiling
 17467 | Lair:6   | Learned a level 5 spell: Summon Mana Viper
 17612 | D:10     | Entered Level 10 of the Dungeon
 17621 | D:10     | Reached skill level 10 in Short Blades
 17621 | D:10     | Reached skill level 10 in Throwing
 17621 | D:10     | Reached skill level 10 in Dodging
 17621 | D:10     | Reached skill level 10 in Evocations
 17925 | D:10     | Found a bloodstained altar of Trog.
 18037 | D:10     | Reached XP level 15. HP: 122/122 MP: 23/28
 18068 | D:11     | Reached ****** piety under Cheibriados
 18297 | D:11     | Found a staircase to the Orcish Mines.
 18305 | Orc:1    | Entered Level 1 of the Orcish Mines
 18578 | Orc:2    | Entered Level 2 of the Orcish Mines
 18588 | Orc:2    | Found a staircase to the Elven Halls.
 18621 | Orc:2    | Learned a level 5 spell: Freezing Cloud
 18626 | Orc:2    | Found Gaog's Assorted Antiques.
 18626 | Orc:2    | Found Beit's Antique Weapon Emporium.
 18626 | Orc:2    | Found Weocig's Assorted Antiques.
 18626 | Orc:2    | Found Lunkod's Antique Armour Shop.
 18630 | Orc:2    | Reached skill level 10 in Long Blades
 18630 | Orc:2    | Reached skill level 10 in Axes
 18630 | Orc:2    | Reached skill level 10 in Maces & Flails
 18630 | Orc:2    | Reached skill level 10 in Polearms
 18630 | Orc:2    | Reached skill level 10 in Slings
 18630 | Orc:2    | Reached skill level 10 in Bows
 18630 | Orc:2    | Reached skill level 10 in Crossbows
 18630 | Orc:2    | Reached skill level 10 in Armour
 18630 | Orc:2    | Reached skill level 10 in Stealth
 18630 | Orc:2    | Reached skill level 10 in Shields
 18630 | Orc:2    | Reached skill level 10 in Unarmed Combat
 18630 | Orc:2    | Reached skill level 10 in Spellcasting
 18632 | Orc:2    | Reached skill level 11 in Staves
 18635 | Orc:2    | Reached skill level 11 in Invocations
 18674 | Orc:2    | Bought a pair of brightly glowing boots for 266 gold pieces
 18674 | Orc:2    | Identified the +2 pair of boots of the Filigreed Wumpus
                  | {rElec Int+7} (You bought it in a shop on level 2 of the
                  | Orcish Mines)
 18674 | Orc:2    | Bought a scroll labelled GALEID GABB for 28 gold pieces
 18674 | Orc:2    | Bought a glowing inky potion for 25 gold pieces
 18691 | Orc:2    | Bought a scroll of teleportation for 78 gold pieces
 18691 | Orc:2    | Bought a scroll of enchant weapon for 195 gold pieces
 18691 | Orc:2    | Bought a scroll of identify for 52 gold pieces
 18691 | Orc:2    | Bought an ivory wand for 104 gold pieces
 18738 | Orc:2    | Learned a level 2 spell: Poisonous Vapours
 19191 | Spider:1 | Entered Level 1 of the Spider Nest
 19199 | Spider:1 | Identified a potion of resistance
 19214 | Spider:2 | Noticed Jorgrun
 19225 | Spider:2 | Killed Jorgrun
 19281 | Spider:2 | Reached skill level 13 in Fighting
 19771 | Spider:2 | Noticed Aizul
 19782 | Spider:2 | Killed Aizul
 19884 | Spider:2 | Reached XP level 16. HP: 130/130 MP: 20/30
 19951 | Spider:2 | Found a runed translucent door.
 19971 | Spider:2 | Noticed Xoiryclao's ghost (adept MiGl)
 20154 | Spider:3 | Noticed Donald
 20247 | Spider:3 | Identified the +9 halberd "Spider's Death Toll" {drain,
                  | Int+3}
 20329 | Spider:3 | Noticed Arachne
 20342 | Spider:3 | Killed Arachne
 20343 | Spider:3 | Reached skill level 9 in Conjurations
 20343 | Spider:3 | Reached skill level 9 in Hexes
 20343 | Spider:3 | Reached skill level 9 in Summonings
 20343 | Spider:3 | Reached skill level 9 in Necromancy
 20343 | Spider:3 | Reached skill level 9 in Translocations
 20343 | Spider:3 | Reached skill level 9 in Transmutations
 20343 | Spider:3 | Reached skill level 9 in Fire Magic
 20343 | Spider:3 | Reached skill level 9 in Ice Magic
 20343 | Spider:3 | Reached skill level 9 in Air Magic
 20343 | Spider:3 | Reached skill level 9 in Earth Magic
 20343 | Spider:3 | Reached skill level 9 in Poison Magic
 20730 | Spider:3 | Reached skill level 11 in Short Blades
 20730 | Spider:3 | Reached skill level 11 in Throwing
 20730 | Spider:3 | Reached skill level 11 in Dodging
 20730 | Spider:3 | Reached skill level 11 in Evocations
 20878 | Spider:4 | Entered Level 4 of the Spider Nest
 21213 | Spider:4 | Reached skill level 11 in Long Blades
 21213 | Spider:4 | Reached skill level 11 in Axes
 21213 | Spider:4 | Reached skill level 11 in Maces & Flails
 21213 | Spider:4 | Reached skill level 11 in Polearms
 21213 | Spider:4 | Reached skill level 11 in Slings
 21213 | Spider:4 | Reached skill level 11 in Bows
 21213 | Spider:4 | Reached skill level 11 in Crossbows
 21213 | Spider:4 | Reached skill level 11 in Armour
 21213 | Spider:4 | Reached skill level 11 in Stealth
 21213 | Spider:4 | Reached skill level 11 in Shields
 21213 | Spider:4 | Reached skill level 11 in Unarmed Combat
 21213 | Spider:4 | Reached skill level 11 in Spellcasting
 21325 | Spider:4 | Reached skill level 12 in Invocations
 21759 | Spider:4 | Reached skill level 12 in Staves
 21775 | Spider:4 | Got a gossamer rune of Zot
 21812 | Spider:4 | Reached XP level 17. HP: 136/137 MP: 20/32
 21960 | Lair:2   | Learned a level 6 spell: Eringya's Noxious Bog
 22036 | Shoals:1 | Entered Level 1 of the Shoals
 22860 | Shoals:2 | Identified the +1 chain mail "Ihoth" {Str+3}
 22990 | Shoals:2 | Found a runed translucent door.
 22991 | Shoals:2 | Noticed snackwell's ghost (adept DEBr)
 23211 | Shoals:4 | Entered Level 4 of the Shoals
 23691 | Shoals:4 | Noticed Polyphemus
 24041 | Shoals:4 | Killed Polyphemus
 24120 | Shoals:4 | Identified the +5 demon trident of Tofoxkua {venom, +Rage
                  | rCorr SInv}
 24536 | Shoals:4 | Reached skill level 10 in Conjurations
 24536 | Shoals:4 | Reached skill level 10 in Hexes
 24536 | Shoals:4 | Reached skill level 10 in Summonings
 24536 | Shoals:4 | Reached skill level 10 in Necromancy
 24536 | Shoals:4 | Reached skill level 10 in Translocations
 24536 | Shoals:4 | Reached skill level 10 in Transmutations
 24536 | Shoals:4 | Reached skill level 10 in Fire Magic
 24536 | Shoals:4 | Reached skill level 10 in Ice Magic
 24536 | Shoals:4 | Reached skill level 10 in Air Magic
 24536 | Shoals:4 | Reached skill level 10 in Earth Magic
 24536 | Shoals:4 | Reached skill level 10 in Poison Magic
 24716 | Shoals:4 | Reached skill level 14 in Fighting
 24716 | Shoals:4 | Reached skill level 12 in Short Blades
 24716 | Shoals:4 | Reached skill level 12 in Throwing
 24716 | Shoals:4 | Reached skill level 12 in Dodging
 24716 | Shoals:4 | Reached skill level 12 in Evocations
 24828 | Shoals:4 | Identified the +2 dagger of the Fray {flame, rN++ Dex-2}
 25192 | Shoals:4 | Noticed a kraken
 25209 | Shoals:4 | Killed a kraken
 25234 | Shoals:4 | Got a barnacled rune of Zot
 25420 | D:11     | Found a runed translucent door.
 25562 | Elf:1    | Entered Level 1 of the Elven Halls
 25577 | Elf:1    | Reached XP level 18. HP: 131/146 MP: 12/33
 26094 | Elf:1    | Reached skill level 12 in Long Blades
 26094 | Elf:1    | Reached skill level 12 in Axes
 26094 | Elf:1    | Reached skill level 12 in Maces & Flails
 26094 | Elf:1    | Reached skill level 12 in Polearms
 26094 | Elf:1    | Reached skill level 12 in Slings
 26094 | Elf:1    | Reached skill level 12 in Bows
 26094 | Elf:1    | Reached skill level 12 in Crossbows
 26094 | Elf:1    | Reached skill level 12 in Armour
 26094 | Elf:1    | Reached skill level 12 in Stealth
 26094 | Elf:1    | Reached skill level 12 in Shields
 26094 | Elf:1    | Reached skill level 12 in Unarmed Combat
 26094 | Elf:1    | Reached skill level 12 in Spellcasting
 26413 | Elf:1    | Reached skill level 13 in Invocations
 26463 | Elf:1    | Found Jucreont's Weapon Shoppe.
 26468 | Elf:1    | Bought 4 silver javelins for 124 gold pieces
 26498 | Elf:1    | Identified Roxanne's Volume of Transformation
 26498 | Elf:1    | Noticed Roxanne
 26586 | Elf:1    | Killed Roxanne
 26598 | Elf:1    | Learned a level 6 spell: Statue Form
 26934 | Elf:3    | Entered Level 3 of the Elven Halls
 27384 | Elf:3    | Reached skill level 13 in Staves
 27599 | Elf:3    | Paralysed by an air elemental for 1 turns
 27619 | Elf:3    | Noticed an Ice Fiend
 27872 | Elf:3    | Noticed a deep elf master archer
 27879 | Elf:3    | Killed a deep elf master archer
 28204 | Elf:3    | Identified a potion of experience
 28205 | Elf:3    | Reached XP level 19. HP: 153/153 MP: 35/35
 28255 | Elf:3    | Noticed a Hell Sentinel
 28312 | Elf:3    | Identified the +11 glaive "Jelly's Regret" {vorpal, Dex+3}
 28312 | Elf:3    | Identified the ring "Ettoz" {Fire Will+ Int-5 Slay+3}
 28385 | Elf:3    | Identified the +7 quarterstaff of Royalism {vorpal, +Blink
                  | Dex+4 Stlth-}
 28502 | Elf:3    | Reached XP level 20. HP: 144/160 MP: 30/36
 28569 | Elf:3    | Identified the +8 great mace "Enosane" {antimagic, Str+2}
 28645 | Elf:3    | Identified the +4 ring mail of the Okapi {Str+4}
 28684 | Elf:3    | Identified the +5 hand crossbow of the Assorted Planets
                  | {freeze, rC+ Str+3}
 28713 | Elf:3    | Got the Guide on the Lethal Escort
 29125 | D:12     | Reached skill level 13 in Short Blades
 29125 | D:12     | Reached skill level 13 in Throwing
 29125 | D:12     | Reached skill level 13 in Dodging
 29125 | D:12     | Reached skill level 13 in Evocations
 29142 | D:12     | Found Leivif's Weapon Boutique.
 29694 | D:13     | Reached skill level 11 in Conjurations
 29694 | D:13     | Reached skill level 11 in Hexes
 29694 | D:13     | Reached skill level 11 in Summonings
 29694 | D:13     | Reached skill level 11 in Necromancy
 29694 | D:13     | Reached skill level 11 in Translocations
 29694 | D:13     | Reached skill level 11 in Transmutations
 29694 | D:13     | Reached skill level 11 in Fire Magic
 29694 | D:13     | Reached skill level 11 in Ice Magic
 29694 | D:13     | Reached skill level 11 in Air Magic
 29694 | D:13     | Reached skill level 11 in Earth Magic
 29694 | D:13     | Reached skill level 11 in Poison Magic
 29706 | D:13     | Learned a level 6 spell: Conjure Ball Lightning
 30211 | Slime:1  | Entered Level 1 of the Pits of Slime
 30473 | Slime:1  | Gained mutation: Your spells are a little easier to cast,
                  | but a little less powerful. [a shining eye]
 30495 | Slime:1  | Gained mutation: You are frail. (-10% HP) [a shining eye]
 30497 | Slime:1  | Reached skill level 15 in Fighting
 30497 | Slime:1  | Reached skill level 14 in Invocations
 30557 | Slime:1  | Reached skill level 13 in Long Blades
 30557 | Slime:1  | Reached skill level 13 in Axes
 30557 | Slime:1  | Reached skill level 13 in Maces & Flails
 30557 | Slime:1  | Reached skill level 13 in Polearms
 30557 | Slime:1  | Reached skill level 13 in Slings
 30557 | Slime:1  | Reached skill level 13 in Bows
 30557 | Slime:1  | Reached skill level 13 in Crossbows
 30557 | Slime:1  | Reached skill level 13 in Armour
 30557 | Slime:1  | Reached skill level 13 in Stealth
 30557 | Slime:1  | Reached skill level 13 in Shields
 30557 | Slime:1  | Reached skill level 13 in Unarmed Combat
 30557 | Slime:1  | Reached skill level 13 in Spellcasting
 30558 | Slime:2  | Noticed Dissolution
 30905 | Slime:1  | Killed Dissolution
 31052 | Slime:3  | Gained mutation: Armour fits poorly on your strangely
                  | shaped body. [a shining eye]
 31055 | Slime:3  | Gained mutation: You are occasionally teleported next to
                  | monsters. [a shining eye]
 31057 | Slime:3  | Gained mutation: Your magical capacity is low. (-10% MP) [a
                  | shining eye]
 31691 | D:14     | Found a shimmering altar of Xom.
 31694 | D:14     | Found the +7 mace of Variability {chain chaos}
 31999 | D:14     | Found a gate to the Vaults.
 32121 | D:14     | Found a basalt altar of Yredelemnul.
 32561 | D:15     | Entered Level 15 of the Dungeon
 32571 | D:15     | Found a staircase to the Depths.
 32611 | D:15     | Found a runed translucent gate.
 32611 | D:15     | Found a runed translucent gate.
 32612 | D:15     | Found a runed translucent gate.
 32616 | D:15     | Found an iron altar of Okawaru.
 32616 | D:15     | Noticed Vuirau's ghost (journeyman DsGl)
 32626 | D:15     | Killed Vuirau's ghost
 32634 | D:15     | Reached XP level 21. HP: 111/151 MP: 12/34
 33080 | D:15     | Found Leduhets's Neck Hole.
 33169 | Vaults:1 | Entered Level 1 of the Vaults
 33183 | Vaults:1 | Reached skill level 14 in Staves
 33192 | Vaults:1 | Found Xeopeiw's Jewellery Shop.
 33223 | Vaults:1 | Found a magical portal.
 33283 | WizLab   | Entered The Roulette of Golubria
 33283 | WizLab   | Found a transporter.
 33286 | WizLab   | Found a corrupted altar of Lugonu.
 33330 | WizLab   | Found a transporter.
 33391 | WizLab   | Found a transporter.
 33391 | WizLab   | Found a transporter.
 33481 | WizLab   | Found a transporter.
 33481 | WizLab   | Found a transporter.
 33646 | WizLab   | Found a transporter.
 33646 | WizLab   | Found a transporter.
 33755 | WizLab   | Found a transporter.
 33755 | WizLab   | Found a transporter.
 33778 | WizLab   | Found a transporter.
 33778 | WizLab   | Found a transporter.
 33812 | WizLab   | Found a transporter.
 33815 | WizLab   | Found a transporter.
 33841 | WizLab   | Found a transporter.
 33852 | WizLab   | Got Riozeypp's Collected Works on Translocation
 33870 | WizLab   | Identified the -5 cloak of the Mind {Fly rC+}
 34010 | Vaults:1 | HP: 4/152 [yaktaur (12)]
 34363 | Vaults:1 | Identified the +4 battleaxe of Suasecuo {flame, +Rage rPois
                  | Str-5}
 35575 | Vaults:2 | Identified the +4 hand crossbow "Imivefy" {elec, rN+}
 35755 | Vaults:2 | Reached skill level 14 in Short Blades
 35755 | Vaults:2 | Reached skill level 14 in Throwing
 35755 | Vaults:2 | Reached skill level 14 in Dodging
 35755 | Vaults:2 | Reached skill level 14 in Evocations
 35844 | Vaults:2 | Reached skill level 15 in Invocations
 35847 | Vaults:2 | Reached skill level 12 in Conjurations
 35847 | Vaults:2 | Reached skill level 12 in Hexes
 35847 | Vaults:2 | Reached skill level 12 in Summonings
 35847 | Vaults:2 | Reached skill level 12 in Necromancy
 35847 | Vaults:2 | Reached skill level 12 in Translocations
 35847 | Vaults:2 | Reached skill level 12 in Transmutations
 35847 | Vaults:2 | Reached skill level 12 in Fire Magic
 35847 | Vaults:2 | Reached skill level 12 in Ice Magic
 35847 | Vaults:2 | Reached skill level 12 in Air Magic
 35847 | Vaults:2 | Reached skill level 12 in Earth Magic
 35847 | Vaults:2 | Reached skill level 12 in Poison Magic
 35873 | Vaults:2 | You are cast into the Abyss!
 35873 | Vaults:2 | Cast into level 3 of the Abyss (a wizard)
 35886 | Abyss:3  | Reached XP level 22. HP: 142/159 MP: 35/35
 35988 | Abyss:3  | Found a shadowy altar of Dithmenos.
 36048 | Abyss:3  | Reached skill level 14 in Long Blades
 36048 | Abyss:3  | Reached skill level 14 in Axes
 36048 | Abyss:3  | Reached skill level 14 in Maces & Flails
 36048 | Abyss:3  | Reached skill level 14 in Polearms
 36048 | Abyss:3  | Reached skill level 14 in Slings
 36048 | Abyss:3  | Reached skill level 14 in Bows
 36048 | Abyss:3  | Reached skill level 14 in Crossbows
 36048 | Abyss:3  | Reached skill level 14 in Armour
 36048 | Abyss:3  | Reached skill level 14 in Stealth
 36048 | Abyss:3  | Reached skill level 14 in Shields
 36048 | Abyss:3  | Reached skill level 14 in Unarmed Combat
 36048 | Abyss:3  | Reached skill level 14 in Spellcasting
 36061 | Vaults:2 | You pass through the gate.
 36061 | Vaults:2 | Escaped the Abyss
 36539 | Vaults:2 | Identified a scroll of acquirement
 36539 | Vaults:2 | Acquired Sif Muna's Reference Book on Spatial Attacks
 36581 | Vaults:2 | Reached skill level 16 in Fighting
 36614 | Vaults:2 | Found a staircase to the Crypt.
 36772 | Vaults:2 | Identified the +5 plate armour of the Journeyman {Drain
                  | Int+4 Slay+2}
 37184 | Orc:2    | Bought a scroll of fog for 56 gold pieces
 37185 | Orc:2    | Bought a smoking scimitar for 288 gold pieces
 37185 | Orc:2    | Identified the +3 scimitar of Owoicw {elec, rElec rF-
                  | Int+5} (You bought it in a shop on level 2 of the Orcish
                  | Mines)
 37188 | Orc:2    | Bought a potion of lignification for 78 gold pieces
 37365 | Lair:2   | Killed Xudgha's ghost
 37622 | Slime:3  | Gained mutation: You are very frail. (-20% HP) [a shining
                  | eye]
 38074 | Slime:5  | Entered Level 5 of the Pits of Slime
 38317 | Slime:5  | Reached skill level 15 in Staves
 38606 | Slime:5  | Noticed the Royal Jelly
 38606 | Slime:5  | Gained mutation: Your magical capacity is very low. (-20%
                  | MP) [a shining eye]
 38610 | Slime:5  | Gained mutation: Your magical capacity is extremely low.
                  | (-30% MP) [a shining eye]
 38615 | Slime:5  | Killed the Royal Jelly
 38630 | Slime:5  | Reached XP level 23. HP: 18/147 MP: 12/29
 38637 | Slime:5  | HP: 14/147 [spore (7)]
 38637 | Slime:5  | HP: 6/147 [spore (8)]
 38727 | Slime:5  | Learned a level 4 spell: Passage of Golubria
 38732 | Slime:5  | Identified the +6 ring mail of the Blessed Realm {rPois}
 38741 | Slime:5  | Identified the +2 ring mail of the Centipede {rC+ Slay+2
                  | SInv}
 38746 | Slime:5  | Found the brooch of Shielding {Spirit SH+8}
 38807 | Slime:5  | Got a slimy rune of Zot
 38814 | Slime:5  | Identified the +6 bardiche of the Living Dead {venom, rCorr
                  | Str+5 Dex+2}
 38996 | Lair:6   | Voluntarily entered the Abyss.
 39286 | Lair:6   | You pass through the gate.
 39286 | Lair:6   | Escaped the Abyss
 39288 | Lair:6   | Voluntarily entered the Abyss.
 39829 | Lair:6   | You pass through the gate.
 39829 | Lair:6   | Escaped the Abyss
 39831 | Lair:6   | Voluntarily entered the Abyss.
 39846 | Abyss:1  | Learned a level 1 spell: Apportation
 40230 | Abyss:1  | Found a radiant altar of Vehumet.
 40353 | Abyss:2  | Got Sif Muna's Disquisition on Mutagenic Curses
 40451 | Abyss:2  | Identified the +8 hand axe "Lyraigea" {speed, Will++}
 40467 | Abyss:2  | Reached skill level 15 in Short Blades
 40467 | Abyss:2  | Reached skill level 15 in Throwing
 40467 | Abyss:2  | Reached skill level 15 in Dodging
 40467 | Abyss:2  | Reached skill level 15 in Evocations
 40603 | Lair:6   | You pass through the gate.
 40603 | Lair:6   | Escaped the Abyss
 40605 | Lair:6   | Voluntarily entered the Abyss.
 40626 | Abyss:1  | Reached skill level 16 in Invocations
 40723 | Abyss:1  | Gained mutation: You sometimes lose the ability to read
                  | scrolls when taking damage. [a neqoxec]
 40727 | Abyss:1  | Gained mutation: You are extremely frail. (-30% HP) [a
                  | neqoxec]
 40974 | Abyss:2  | Lost mutation: Your magical capacity is extremely low.
                  | (-30% MP) [potion of mutation]
 40974 | Abyss:2  | Lost mutation: Your magical capacity is very low. (-20% MP)
                  | [potion of mutation]
 40974 | Abyss:2  | Gained mutation: Your spells are easier to cast, but less
                  | powerful. [potion of mutation]
 40974 | Abyss:2  | Gained mutation: Your natural rate of healing is unusually
                  | fast. [potion of mutation]
 40974 | Abyss:2  | Gained mutation: You have a pair of small antennae on your
                  | head. [potion of mutation]
 41088 | Abyss:2  | HP: 10/169 [large abomination (25)]
 41089 | Lair:6   | You pass through the gate.
 41089 | Lair:6   | Escaped the Abyss
 41349 | D:5      | Fell from the grace of Cheibriados
 41349 | D:5      | Became a worshipper of Xom of Chaos
 41443 | D:9      | XOM: divination: magic mapping
 41549 | Lair:6   | Voluntarily entered the Abyss.
 41566 | Abyss:1  | Lost mutation: You are extremely frail. (-30% HP) [potion
                  | of mutation]
 41634 | Abyss:1  | XOM: give mutations
 41634 | Abyss:1  | Gained mutation: You are resistant to electric shocks.
                  | (rElec) [Xom's grace]
 41634 | Abyss:1  | Gained mutation: You have sharp toenails. [Xom's grace]
 41634 | Abyss:1  | Gained mutation: You possess an exceptional clarity of
                  | mind. [Xom's grace]
 41754 | Abyss:1  | Reached skill level 15 in Long Blades
 41754 | Abyss:1  | Reached skill level 15 in Axes
 41754 | Abyss:1  | Reached skill level 15 in Maces & Flails
 41754 | Abyss:1  | Reached skill level 15 in Polearms
 41754 | Abyss:1  | Reached skill level 15 in Slings
 41754 | Abyss:1  | Reached skill level 15 in Bows
 41754 | Abyss:1  | Reached skill level 15 in Crossbows
 41754 | Abyss:1  | Reached skill level 15 in Armour
 41754 | Abyss:1  | Reached skill level 15 in Stealth
 41754 | Abyss:1  | Reached skill level 15 in Shields
 41754 | Abyss:1  | Reached skill level 15 in Unarmed Combat
 41754 | Abyss:1  | Reached skill level 15 in Spellcasting
 41797 | Abyss:1  | XOM: give mutation
 41797 | Abyss:1  | Gained mutation: Your flesh is cold resistant. (rC+) [Xom's
                  | grace]
 41914 | Abyss:1  | XOM: summons friendly white imp
 41918 | Abyss:1  | XOM: summons friendly shadow imp
 41936 | Lair:6   | You pass through the gate.
 41936 | Lair:6   | Escaped the Abyss
 42006 | Lair:6   | Voluntarily entered the Abyss.
 42033 | Abyss:1  | XOM: potion effect (haste)
 42053 | Abyss:1  | XOM: potion effect (invisibility)
 42056 | Abyss:1  | Reached skill level 13 in Conjurations
 42056 | Abyss:1  | Reached skill level 13 in Hexes
 42056 | Abyss:1  | Reached skill level 13 in Summonings
 42056 | Abyss:1  | Reached skill level 13 in Necromancy
 42056 | Abyss:1  | Reached skill level 13 in Translocations
 42056 | Abyss:1  | Reached skill level 13 in Transmutations
 42056 | Abyss:1  | Reached skill level 13 in Fire Magic
 42056 | Abyss:1  | Reached skill level 13 in Ice Magic
 42056 | Abyss:1  | Reached skill level 13 in Air Magic
 42056 | Abyss:1  | Reached skill level 13 in Earth Magic
 42056 | Abyss:1  | Reached skill level 13 in Poison Magic
 42158 | Abyss:2  | XOM: potion effect (invisibility)
 42305 | Abyss:3  | Got an abyssal rune of Zot
 42320 | Lair:6   | You pass through the gate.
 42320 | Lair:6   | Escaped the Abyss
 42392 | Lair:6   | Voluntarily entered the Abyss.
 42429 | Abyss:1  | XOM: silly message
 42460 | Abyss:1  | XOM: potion effect (brilliance)
 42462 | Abyss:1  | Reached XP level 24. HP: 127/154 MP: 28/37
 42463 | Abyss:1  | XOM: divination: detect items
 42526 | Abyss:1  | XOM: potion effect (brilliance)
 42529 | Abyss:1  | XOM: potion effect (might)
 42547 | Abyss:1  | HP: 7/200 [balrug/divine providence (16)]
 42621 | Lair:6   | You pass through the gate.
 42621 | Lair:6   | Escaped the Abyss
 42943 | Vaults:2 | XOM: give mutation
 42943 | Vaults:2 | Gained mutation: You have razor-sharp toenails. [Xom's
                  | grace]
 43024 | Vaults:3 | XOM: smoke on damage
 43029 | Vaults:3 | HP: 8/200 [orc knight (26)]
 43030 | Vaults:3 | XOM: scenery: 1 doors open
 43031 | Vaults:3 | Slain by an ironbound beastmaster

Vanquished Creatures
  the Royal Jelly (Slime:5)
  A profane servitor (Abyss:1)
  3 bone dragons (Abyss:1)
  Arachne (Spider:3)
  A Hell Sentinel (Abyss:1)
  A deep elf master archer (Elf:3)
  19 tentacled starspawn
  16 acid blobs
  2 sphinxes (Vaults:2)
  An eldritch tentacle (WizLab)
  A tengu reaver (D:13)
  Polyphemus (Shoals:4)
  A kraken (Shoals:4)
  Kirke (Lair:6)
  6 rockslimes (Slime:5)
  10 azure jellies
  A fire giant (D:15)
  3 orc warlords
  Aizul (Spider:2)
  3 ghost moths (Spider:4)
  A balrug (Abyss:1)
  4 vault wardens
  7 deep elf elementalists (Elf:3)
  5 deep elf sorcerers
  An emperor scorpion (Spider:3)
  An angel (Abyss:1)
  A war gargoyle (Vaults:2)
  A stone giant (D:15)
  5 very ugly things
  13 ironbound preservers
  10 quicksilver oozes
  A vampire knight (Vaults:2)
  6 deep elf demonologists
  6 deep elf annihilators (Elf:3)
  A yellow draconian (Abyss:2)
  3 spark wasps (Spider:4)
  A red draconian (Volcano)
  A purple draconian (Abyss:2)
  4 dire elephants (Vaults:2)
  2 deep elf death magi (Elf:3)
  Snorg (Lair:6)
  2 blizzard demons (Abyss:3)
  2 merfolk javelineers (Shoals:4)
  The ghost of Vuirau the Carver, a journeyman DsGl of Okawaru (D:15)
  6 merfolk impalers
  A fire dragon (D:15)
  6 yaktaur captains
  A spectral kraken (Shoals:2)
  The ghost of Xudgha the Protected, a journeyman MiFi of Okawaru (Lair:2)
  An ettin (Vaults:1)
  4 deep elf high priests
  3 vault guards
  A rakshasa (Abyss:1)
  4 great orbs of eyes
  10 boulder beetles
  5 ironbound thunderhulks
  11 hydras
  3 ghost crabs (Shoals:2)
  3 ironbound frosthearts
  3 ogre magi (Orc:2)
  An alligator snapping turtle (Shoals:4)
  4 merfolk avatars
  18 centaur warriors
  5 merfolk aquamancers (Shoals:4)
  18 two-headed ogres
  3 dancing weapons
  2 catoblepae
  5 tengu warriors
  17 death yaks
  Urug (Lair:3)
  A sun demon (Abyss:3)
  2 orc high priests
  12 thrashing horrors
  9 deep elf knights
  2 hell knights (Abyss:1)
  2 ironbound beastmasters (Vaults:2)
  A soul eater (Abyss:2)
  5 wretched stars
  5 sea snakes (Shoals:4)
  A golden dragon zombie (Abyss:2)
  3 spatial maelstroms
  31 deep trolls
  A skeletal warrior (D:13)
  8 deep elf archers
  8 ironbound convokers
  3 phantasmal warriors
  An anaconda skeleton (WizLab)
  25 deep elf zephyrmancers
  7 wizards
  An obsidian statue (WizLab)
  A shadow dragon zombie (Abyss:2)
  12 deep elf pyromancers
  2 necromancers
  3 lindwurms
  Pikel (D:4)
  16 harpies
  32 ugly things
  12 manticores
  8 shining eyes
  An orc sorcerer (D:15)
  9 orc knights
  2 oklob plants (Lair:1)
  A mana viper (shapeshifter) (Lair:6)
  6 orb spiders
  5 worldbinders
  17 wolf spiders
  3 merfolk sirens
  3 cyclopes
  2 black mambas
  Joseph (Lair:1)
  4 guardian serpents
  A guardian serpent (shapeshifter) (D:14)
  2 gargoyles
  5 torpor snails
  6 vault sentinels
  4 water nymphs
  3 eyes of devastation
  2 orange demons
  11 smoke demons
  8 cane toads
  Maggie (Lair:1)
  3 rime drakes
  13 ancient zymes
  3 hellwings
  2 kobold demonologists (D:12)
  18 yaktaurs
  8 demonic crawlers
  An entropy weaver simulacrum (Spider:2)
  An ice devil (Abyss:1)
  3 freezing wraiths
  6 komodo dragons
  An anaconda simulacrum (Spider:2)
  11 merfolk
  A red devil (WizLab)
  4 trolls
  7 polar bears
  5 meliai
  2 queen bees
  4 wind drakes
  28 jumping spiders
  6 hornets
  66 slime creatures
  A spectral merfolk (Shoals:2)
  17 raiju
  8 dream sheep
  41 blink frogs
  A fire giant simulacrum (Abyss:1)
  A snapping turtle (Shoals:4)
  A fire dragon zombie (Abyss:2)
  22 tarantellas
  16 flying skulls
  4 air elementals
  A centaur simulacrum (D:14)
  An ice dragon skeleton (WizLab)
  A tarantella (shapeshifter) (Elf:1)
  8 water elementals
  A spriggan (Lair:6)
  2 shadows (D:11)
  A wyvern (Lair:4)
  3 vampires
  5 ynoxinuls
  4 wraiths
  40 yaks
  34 redbacks
  A golden eye (shapeshifter) (D:15)
  A fire elemental (Abyss:1)
  5 hogs (Lair:6)
  11 basilisks
  4 neqoxecs
  7 vampire mosquitoes (D:12)
  2 steam dragons
  31 large abominations
  6 chaos spawn
  4 spatial vortices
  4 wargs
  A warg (shapeshifter) (D:14)
  13 water moccasins
  2 acid dragons (D:14)
  35 small abominations
  4 sky beasts
  An ice beast (D:7)
  21 orc warriors
  A black bear (Lair:3)
  An alligator simulacrum (Spider:2)
  A hornet zombie (D:6)
  A boggart (Vaults:2)
  19 ogres
  9 wolves
  17 centaurs
  2 lemures (D:4)
  A kobold brigand (D:8)
  19 bullfrogs
  A gnoll sergeant (D:13)
  3 scorpions
  2 earth elementals (Elf:1)
  A wyvern skeleton (D:6)
  31 killer bees
  19 wights
  8 howler monkeys
  5 electric eels
  3 crimson imps (Abyss:2)
  3 centaur zombies
  44 starcursed masses
  6 quasits
  3 centaur skeletons
  2 gnoll shamans
  2 bullfrog skeletons
  An iron imp (Abyss:3)
  3 jellies
  9 orc priests
  An iguana (D:6)
  27 orc wizards
  3 polar bear simulacra (D:12)
  2 wolf simulacra (D:12)
  3 yak simulacra (D:12)
  A howler monkey zombie (D:9)
  12 adders
  7 gnolls
  2 shadow imps
  7 white imps
  3 ufetubi
  3 worms
  3 dart slugs
  71 orcs
  6 bats
  7 endoplasms
  2 giant cockroaches
  5 hobgoblins
  2 jackals (D:4)
  A quokka (D:1)
  6 ball pythons
  3 frilled lizards
  7 goblins
  10 kobolds
  A quokka skeleton (D:4)
  5 rats
  3 river rat simulacra (D:12)
  24 starspawn tentacles
  A tentacle (Shoals:4)
1607 creatures vanquished.

Vanquished Creatures (collateral kills)
  Jorgrun (Spider:2)
  Roxanne (Elf:1)
  A ghost moth (Spider:4)
  An emperor scorpion (Spider:4)
  2 deep elf sorcerers (Elf:3)
  A lorocyproca (Abyss:1)
  A deep elf demonologist (Elf:3)
  A deep elf annihilator (Elf:3)
  An entropy weaver (Spider:4)
  A deep elf high priest (Elf:3)
  A merfolk impaler (Shoals:2)
  An ogre mage (Orc:2)
  A two-headed ogre (Orc:2)
  3 shadow wraiths (WizLab)
  A sea snake (Shoals:2)
  2 deep elf pyromancers
  3 orb spiders
  3 wolf spiders
  A manticore (Shoals:2)
  A merfolk siren (Shoals:2)
  2 water nymphs (Shoals:2)
  An unseen horror (D:11)
  A yaktaur (Vaults:1)
  2 demonic crawlers (Spider:3)
  A spectral water nymph (Shoals:2)
  A spectral merfolk (Shoals:2)
  An entropy weaver simulacrum (Spider:2)
  An ancient zyme (Abyss:1)
  A meliai (Spider:3)
  A merfolk (Shoals:2)
  2 jumping spiders
  A blink frog (WizLab)
  2 hornets
  2 spectral manticores (Shoals:2)
  2 water elementals
  3 redbacks (Spider:2)
  3 tarantellas (Spider:2)
  A minotaur simulacrum (Spider:2)
  A spatial vortex (WizLab)
  3 ogres (Orc:2)
  An alligator simulacrum (Spider:2)
  2 deep troll simulacra (Spider:2)
  A killer bee (Spider:3)
64 creatures vanquished.

Vanquished Creatures (others)
  Dissolution (Slime:1)
  A ghost moth (Spider:4)
  A quicksilver ooze (Slime:5)
  A satyr (Shoals:3)
  3 merfolk aquamancers (Shoals:4)
  A deep elf knight (Elf:1)
  A sea snake (Shoals:3)
  A wizard (Vaults:2)
  A faun (Shoals:2)
  2 cyclopes
  A merfolk siren (Shoals:3)
  12 merfolk
  A raiju (Abyss:3)
  A wind drake (Shoals:4)
  3 snapping turtles
  5 dream sheep
  A flying skull (Abyss:2)
  2 redbacks (Spider:4)
  A tarantella (Spider:2)
  2 humans (Lair:6)
  A chaos spawn (Abyss:1)
  A centaur (Volcano)
  68 ball lightnings
  39 fungi
  71 plants
  32 starspawn tentacles
  24 tentacles
  11 withered plants (Shoals:2)
289 creatures vanquished.

Grand Total: 1960 creatures vanquished

Table legend: (Time is in decaauts)
 A = Elapsed time spent in this place.
 B = Non-inter-level travel time spent in this place.
 C = Inter-level travel time spent in this place.
 D = Time resting spent in this place.
 E = Time spent auto-exploring this place.
 F = Levels seen in this place.
 G = Mean time per level.
                   A        B        C        D        E       F      G
               +--------+--------+--------+--------+--------+-----+--------+
         Total |  58653 |  49106 |   9547 |  12684 |    625 |  59 |  994.1 |
       Dungeon |  19913 |  15542 |   4371 |   3412 |    625 |  15 | 1327.5 |
        Temple |     32 |     20 |     12 |      0 |      0 |   1 |   32.0 |
          Lair |  11098 |   8696 |   2402 |   2911 |      0 |   6 | 1849.7 |
        Shoals |   4710 |   4276 |    434 |   1229 |      0 |   4 | 1177.5 |
   Spider Nest |   3670 |   3319 |    351 |    851 |      0 |   4 |  917.5 |
    Slime Pits |   1995 |   1828 |    167 |    435 |      0 |   5 |  399.0 |
  Orcish Mines |   1330 |    963 |    367 |      0 |      0 |   2 |  665.0 |
   Elven Halls |   4464 |   3918 |    546 |   1543 |      0 |   3 | 1488.0 |
        Vaults |   4755 |   3860 |    895 |   1217 |      0 |   3 | 1585.0 |
         Abyss |   5162 |   5162 |      0 |    484 |      0 |  14 |  368.7 |
       Volcano |    670 |    670 |      0 |    376 |      0 |   1 |  670.0 |
        Wizlab |    848 |    848 |      0 |    223 |      0 |   1 |  848.0 |
               +--------+--------+--------+--------+--------+-----+--------+

Top non-repeatable levels by time:
  Lair:6: 4203 daAuts
 Abyss:1: 3355 daAuts
Vaults:1: 2577 daAuts
     D:9: 2531 daAuts
     D:8: 2233 daAuts
Vaults:2: 2090 daAuts
Shoals:4: 1973 daAuts
   Elf:3: 1898 daAuts
    D:14: 1769 daAuts
  Lair:1: 1607 daAuts
   Elf:1: 1554 daAuts
  Lair:5: 1543 daAuts
     D:4: 1497 daAuts
     D:6: 1467 daAuts
     D:7: 1444 daAuts

Table legend:
 A = Non-vault XP
 B = Vault XP
 C = Vault XP percentage of total XP
 D = Non-vault monster count
 E = Vault monster count
 F = Vault count percentage of total count
                 A         B        C        D         E       F
            +---------+---------+-------+---------+---------+-------
      Total |  454145 |  308622 |  40.5 |    1128 |     518 |  31.5
            +---------+---------+-------+---------+---------+-------
        D:1 |      32 |       1 |   3.0 |      17 |       1 |   5.6
        D:2 |      72 |       4 |   5.3 |      22 |       2 |   8.3
        D:3 |      99 |       0 |   0.0 |      11 |       0 |   0.0
        D:4 |     185 |     661 |  78.1 |      20 |       5 |  20.0
        D:5 |     554 |       0 |   0.0 |      18 |       0 |   0.0
        D:6 |    1110 |     161 |  12.7 |      20 |       2 |   9.1
        D:7 |     868 |      36 |   4.0 |      11 |       1 |   8.3
        D:8 |    1113 |     173 |  13.5 |      27 |       1 |   3.6
        D:9 |    1486 |     852 |  36.4 |      20 |       9 |  31.0
       D:10 |    1941 |    1956 |  50.2 |      13 |       7 |  35.0
       D:11 |    2272 |     670 |  22.8 |      15 |      32 |  68.1
       D:12 |    7198 |     859 |  10.7 |      24 |      12 |  33.3
       D:13 |    9318 |    5352 |  36.5 |      20 |       7 |  25.9
       D:14 |   16893 |    5849 |  25.7 |      33 |      13 |  28.3
       D:15 |    5521 |    9838 |  64.1 |      12 |       9 |  42.9
     Lair:1 |    6802 |    2374 |  25.9 |      31 |       5 |  13.9
     Lair:2 |     758 |    2663 |  77.8 |       4 |      11 |  73.3
     Lair:3 |    9793 |     843 |   7.9 |      34 |       1 |   2.9
     Lair:4 |    4996 |     627 |  11.2 |      16 |       2 |  11.1
     Lair:5 |   11508 |     882 |   7.1 |      34 |       1 |   2.9
     Lair:6 |   26548 |   15873 |  37.4 |      57 |      47 |  45.2
   Shoals:2 |    6845 |    4739 |  40.9 |      19 |       9 |  32.1
   Shoals:3 |   11780 |       0 |   0.0 |      25 |       0 |   0.0
   Shoals:4 |    7461 |   26465 |  78.0 |      18 |      38 |  67.9
   Spider:2 |    6219 |    5117 |  45.1 |      29 |      10 |  25.6
   Spider:3 |   14841 |    5943 |  28.6 |      42 |      27 |  39.1
   Spider:4 |   11571 |   23444 |  67.0 |      39 |      45 |  53.6
    Slime:1 |   14736 |   10495 |  41.6 |      22 |       1 |   4.3
    Slime:2 |    1791 |     259 |  12.6 |       7 |       1 |  12.5
    Slime:3 |    7221 |       0 |   0.0 |       5 |       0 |   0.0
    Slime:4 |    5094 |       0 |   0.0 |       6 |       0 |   0.0
    Slime:5 |    9001 |   36033 |  80.0 |      16 |      17 |  51.5
      Orc:1 |    2107 |    1002 |  32.2 |      17 |       4 |  19.0
      Orc:2 |    1510 |   20719 |  93.2 |      20 |      40 |  66.7
      Elf:1 |   11469 |    8574 |  42.8 |      21 |      12 |  36.4
      Elf:2 |    9856 |       0 |   0.0 |      16 |       0 |   0.0
      Elf:3 |   13627 |   40148 |  74.7 |      23 |      31 |  57.4
   Vaults:1 |   22217 |    9240 |  29.4 |      30 |      14 |  31.8
   Vaults:2 |   57557 |   38018 |  39.8 |      69 |      44 |  38.9
   Vaults:3 |    5763 |       0 |   0.0 |       7 |       0 |   0.0
    Abyss:1 |   76764 |    2215 |   2.8 |     123 |       2 |   1.6
    Abyss:2 |   38421 |    1338 |   3.4 |      93 |       9 |   8.8
    Abyss:3 |    9227 |    7043 |  43.3 |      22 |      13 |  37.1
    Volcano |       0 |    2738 | 100.0 |       0 |       8 | 100.0
     WizLab |       0 |   15418 | 100.0 |       0 |      25 | 100.0
            +---------+---------+-------+---------+---------+-------
